 Dungeon Crawl Stone Soup version 0.19-a0-1717-gc7c1317 (webtiles) character file.

228 Naow the Chopper (level 5, -1/46 HPs)
             Began as a Minotaur Berserker on Sept 29, 2016.
             Was a Believer of Trog.
             Slain by an adder (3 damage)
             ... on level 4 of the Dungeon.
             The game lasted 00:08:14 (2048 turns).

Naow the Chopper (Minotaur Berserker)               Turns: 2048, Time: 00:08:15

Health: -1/46      AC:  3    Str: 23    XL:     5   Next: 70%
Magic:  4/4        EV: 12    Int:  4    God:    Trog [**....]
Gold:   165        SH:  0    Dex:  9    Spells: 0 memorised, 4 levels left

rFire  . . .     SeeInvis .     a - +0 hand axe
rCold  . . .     Gourm    .     b - +0 animal skin
rNeg   . . .     Faith    .     (no shield)
rPois  .         Spirit   .     (helmet restricted)
rElec  .         Dismiss  .     (no cloak)
rCorr  .         Reflect  .     (no gloves)
MR     .....     Harm     .     (no boots)
Stlth  +.........               (no amulet)
                                (no ring)
                                (no ring)

@: lethally poisoned (-1 -> -3)
A: retaliatory headbutt, horns 2
a: Berserk, Trog's Hand, Burn Spellbooks, Renounce Religion


You were on level 4 of the Dungeon.
You worshipped Trog.
Trog was pleased with you.
You were not hungry.

You visited 1 branch of the dungeon, and saw 4 of its levels.

You collected 165 gold pieces.

Inventory:

Hand Weapons
 a - a +0 hand axe (weapon)
Armour
 b - a +0 animal skin (worn)
Jewellery
 e - an uncursed ring of fire {unknown}
 h - an uncursed ring of protection from cold {unknown}
 j - an uncursed ring of wizardry {unknown}
Scrolls
 d - 3 scrolls of identify {unknown}
 f - a scroll of amnesia {unknown}
 i - 4 scrolls of teleportation {unknown}
 l - 2 scrolls of remove curse {unknown}
 m - a scroll of fear {unknown}
 n - a scroll of recharging {unknown}
Potions
 g - a potion of agility {unknown}
 k - a potion of cancellation {unknown}
 o - 2 potions of lignification {unknown}
 p - 3 potions of brilliance {unknown}
 r - a potion of curing {unknown}
Comestibles
 c - 2 bread rations
 q - 7 chunks of flesh


   Skills:
 - Level 3.9 Fighting
 + Level 7.5 Axes
 - Level 2.5 Armour
 - Level 2.4 Dodging


You had 4 spell levels left.
You didn't know any spells.

Dungeon Overview and Level Annotations

Branches:
Dungeon (4/15)
 Temple: D:4-7

Altars:
Yredelemnul
Zin


Innate Abilities, Weirdness & Mutations

You reflexively headbutt those who attack you in melee.
You have a pair of horns on your head.


Message History

You slash the gnoll! Your headbutt misses the gnoll.
The gnoll is severely wounded.
The gnoll hits you with a spear.
* * * LOW HITPOINT WARNING * * *
You hit the gnoll.
You kill the gnoll!
Trog accepts your kill. The adder closely misses you.
You hit the adder.
You headbutt the adder, but do no damage.
The adder is heavily wounded.
The adder bites you.
* * * LOW HITPOINT WARNING * * *
You are lethally poisoned!
The adder poisons you!
You miss the adder. Your headbutt misses the adder.
The adder is heavily wounded.
* * * LOW HITPOINT WARNING * * *
You feel sick. The adder bites you.
You die...

#..# #..# #..#
#.†#########
######.)<#....>..
..............#
.#.####.)(....# #
#.####.).....##.#
#..>@S..........#
######.......####
#.......#
..>........#
#######.#### #...
#####


You could see an adder.

Vanquished Creatures
  2 orc wizards (D:4)
  4 gnolls (D:4)
  8 adders
  A worm (D:2)
  4 dart slugs
  3 orcs (D:4)
  A ball python (D:2)
  3 bats
  4 giant cockroaches
  5 goblins
  2 hobgoblins
  8 kobolds
  3 quokkas
  4 frilled lizards
  8 rats
60 creatures vanquished.

Notes
Turn   | Place    | Note
-------+----------+-------------------------------------------
     0 | D:1      | Naow the Minotaur Berserker began the quest for the Orb.
     0 | D:1      | Reached XP level 1. HP: 19/19 MP: 0/0
   164 | D:1      | Reached XP level 2. HP: 22/27 MP: 1/1
   193 | D:1      | Reached skill level 4 in Axes
   805 | D:2      | Reached XP level 3. HP: 22/33 MP: 2/2
   878 | D:2      | Found a faded altar of an unknown god.
   906 | D:2      | Found a basalt altar of Yredelemnul.
   906 | D:2      | Found a glowing silver altar of Zin.
  1027 | D:2      | Reached ** piety under Trog
  1027 | D:2      | Reached skill level 5 in Axes
  1359 | D:2      | Reached XP level 4. HP: 31/40 MP: 3/3
  1980 | D:4      | Reached skill level 6 in Axes
  1986 | D:4      | Reached XP level 5. HP: 30/46 MP: 4/4
  2021 | D:4      | Reached skill level 7 in Axes
  2048 | D:4      | HP: 2/46 [poisoned by an adder]
  2048 | D:4      | Slain by an adder

Vault maps used:
D:1:      dpeg_arrival_oval
D:2:      gammafunk_temple_overflow_wave, ecumenical_altar_2,
          minmay_tetromino_t2
D:4:      uniq_sigmund

Skill      XL: |  1  2  3  4  5 |
---------------+----------------+-----
Axes           | 4 5 6 7 |  7.5
Fighting       | |  3.9
Armour         | |  2.5
Dodging        | |  2.4

Action                   |  1- 3 |  4- 6 || total
-------------------------+-------+-------++-------
Melee: Hand axe          |    68 |    55 ||   123
       Headbutt          |    10 |    10 ||    20
Invok: Trog's Hand       |       |     2 ||     2
       Berserk           |       |     1 ||     1
  Eat: Chunk             |     1 |     4 ||     5
Armor: Animal skin       |    13 |    17 ||    30
Dodge: Dodged            |    45 |    38 ||    83
